SKY
MONTREAL EXPOS @ BOSTON RED SOX
04/12/2052
 
TOP OF THE 1ST
Montreal Expos batting - Pitching for Boston Red Sox : RHP Dylan Lafferty
Pitching: RHP Dylan Lafferty
Batting: LHB Daryl Henderson 0-0: Foul Ball, location: 2F
0-1: Swinging Strike
0-2: Ball
1-2: Strikes out looking
Batting: RHB Brian Ottman 0-0: Ball
1-0: Ball
2-0: Called Strike
2-1: Called Strike
2-2: Fly out, F4 (Popup, 34S, EV 62.5 MPH)
Batting: LHB Jimmy Miramontes 0-0: Called Strike
0-1: Swinging Strike
0-2: Ball
1-2: Ball
2-2: Strikes out swinging
Top of the 1st over - 0 runs, 0 hits, 0 errors, 0 left on base; Montreal 0 - Boston 0
BOTTOM OF THE 1ST
Boston Red Sox batting - Pitching for Montreal Expos : RHP Calvert Dafney
Pitching: RHP Calvert Dafney
Batting: RHB Jalen Duke 0-0: Ball
1-0: Fly out, F8 (Flyball, 8LS, EV 83.8 MPH)
Batting: LHB Jaxson Eisley 0-0: Called Strike
0-1: Fly out, F3 (Popup, 3SF, EV 73.8 MPH)
Batting: SHB Christian Gibbs 0-0: Called Strike
0-1: Called Strike
0-2: Foul Ball, location: 25F
0-2: Fly out, F5 (Popup, 25, EV 85.6 MPH)
Bottom of the 1st over - 0 runs, 0 hits, 0 errors, 0 left on base; Montreal 0 - Boston 0
TOP OF THE 2ND
Montreal Expos batting - Pitching for Boston Red Sox : RHP Dylan Lafferty
Batting: LHB Valentin Suárez 0-0: Ball
1-0: Called Strike
1-1: Swinging Strike
1-2: Fly out, F9 (Flyball, 9LS, EV 88.1 MPH)
Batting: LHB Joe Edwards 0-0: Foul Ball, location: 2F
0-1: Foul Ball, location: 5FF
0-2: Ground out 1-3 (Groundball, 13S, EV 60.6 MPH)
Batting: LHB D.J. Spencer 0-0: Ball
1-0: SOLO HOME RUN (Flyball, 9LD, EV 95.0 MPH), Distance : 342 ft
Batting: RHB Ricky Sytsma 0-0: Ball
1-0: DOUBLE (Flyball, 78XD, EV 106.9 MPH)
Batting: LHB Hugo Texido 0-0: Ball
1-0: Foul Ball, location: 7LSFF
1-1: Fly out, F9 (Flyball, 9D, EV 84.4 MPH)
Top of the 2nd over - 1 run, 2 hits, 0 errors, 1 left on base; Montreal 1 - Boston 0
BOTTOM OF THE 2ND
Boston Red Sox batting - Pitching for Montreal Expos : RHP Calvert Dafney
Batting: RHB William Spicer 0-0: Ball
1-0: Called Strike
1-1: Ball
2-1: Ground out 5-3 (Groundball, 15, EV 89.4 MPH)
Batting: LHB Ben Viet 0-0: Ground out 4-3 (Groundball, 4, EV 81.9 MPH)
Batting: RHB Pooh Whitney 0-0: Called Strike
0-1: Ball
1-1: Ball
2-1: Fly out, F8 (Flyball, 8LD, EV 92.5 MPH)
Bottom of the 2nd over - 0 runs, 0 hits, 0 errors, 0 left on base; Montreal 1 - Boston 0
TOP OF THE 3RD
Montreal Expos batting - Pitching for Boston Red Sox : RHP Dylan Lafferty
Batting: SHB Jonah Pérez 0-0: Ball
1-0: Swinging Strike
1-1: Swinging Strike
1-2: Foul Ball, location: 2F
1-2: Ball
2-2: Strikes out swinging
Batting: LHB Daryl Henderson 0-0: Ball
1-0: Ball
2-0: Ground out 6-3 (Groundball, 6, EV 83.8 MPH)
Batting: RHB Brian Ottman 0-0: Ball
1-0: Ball
2-0: Called Strike
2-1: SINGLE (Groundball, 6MD, EV 96.9 MPH)
Batting: LHB Jimmy Miramontes 0-0: Called Strike
0-1: Ball
1-1: Foul Ball, location: 9LSF
1-2: Strikes out swinging
Top of the 3rd over - 0 runs, 1 hit, 0 errors, 1 left on base; Montreal 1 - Boston 0
BOTTOM OF THE 3RD
Boston Red Sox batting - Pitching for Montreal Expos : RHP Calvert Dafney
Batting: RHB Liam Sena 0-0: SINGLE (Groundball, 56D, EV 101.3 MPH)
Batting: RHB Alastair Cooledge 0-0: Ball
1-0: Bunted foul
1-1: Ball
2-1: Sac Bunt to 15 - play at first, batter OUT! 1-4
Liam Sena to second
Batting: LHB Chase Veliz 0-0: Ball
1-0: Fly out, F5 (Popup, 5SF, EV 81.9 MPH)
Batting: RHB Jalen Duke 0-0: Ground out 4-3 (Groundball, 34, EV 85.0 MPH)
Bottom of the 3rd over - 0 runs, 1 hit, 0 errors, 1 left on base; Montreal 1 - Boston 0
TOP OF THE 4TH
Montreal Expos batting - Pitching for Boston Red Sox : RHP Dylan Lafferty
Batting: LHB Valentin Suárez 0-0: Ball
1-0: SINGLE (Line Drive, 6MD, EV 95.6 MPH)
Batting: LHB Joe Edwards 0-0: Ball
1-0: Called Strike
1-1: Ball
2-1: Foul Ball, location: 2F
2-2: Fly out, F8 (Flyball, 8RD, EV 93.1 MPH)
Batting: LHB D.J. Spencer 0-0: Fielders Choice at 2nd, 4-6 (Groundball, 4S, EV 84.4 MPH)
Batting: RHB Ricky Sytsma 0-0: Called Strike
D.J. Spencer is caught stealing 2nd base 2-4
Top of the 4th over - 0 runs, 1 hit, 0 errors, 0 left on base; Montreal 1 - Boston 0
BOTTOM OF THE 4TH
Boston Red Sox batting - Pitching for Montreal Expos : RHP Calvert Dafney
Batting: LHB Jaxson Eisley 0-0: Foul Ball, location: 9LMF
0-1: Swinging Strike
0-2: Strikes out looking
Batting: SHB Christian Gibbs 0-0: Ball
1-0: Ball
2-0: Called Strike
2-1: Ground out 4-3 (Groundball, 4, EV 91.9 MPH)
Batting: RHB William Spicer 0-0: Ball
1-0: Called Strike
1-1: Foul Ball, location: 9LMF
1-2: Foul Ball, location: 2F
1-2: Ball
2-2: Ball
3-2: Ground out 1-3 (Groundball, 15S, EV 61.3 MPH)
Bottom of the 4th over - 0 runs, 0 hits, 0 errors, 0 left on base; Montreal 1 - Boston 0
TOP OF THE 5TH
Montreal Expos batting - Pitching for Boston Red Sox : RHP Dylan Lafferty
Batting: RHB Ricky Sytsma 0-0: Fly out, F7 (Flyball, 7D, EV 110.0 MPH)
Batting: LHB Hugo Texido 0-0: Called Strike
0-1: Ball
1-1: Ball
2-1: Called Strike
2-2: Foul Ball, location: 2F
2-2: Strikes out swinging
Batting: SHB Jonah Pérez 0-0: Ball
1-0: Swinging Strike
1-1: Fly out, F6 (Line Drive, 6M, EV 61.9 MPH)
Top of the 5th over - 0 runs, 0 hits, 0 errors, 0 left on base; Montreal 1 - Boston 0
BOTTOM OF THE 5TH
Boston Red Sox batting - Pitching for Montreal Expos : RHP Calvert Dafney
Batting: LHB Ben Viet 0-0: Foul Ball, location: 2F
0-1: Foul Ball, location: 3F
0-2: Strikes out swinging
Batting: RHB Pooh Whitney 0-0: Called Strike
0-1: Foul Ball, location: 3SF
0-2: Ball
1-2: Strikes out swinging
Batting: RHB Liam Sena 0-0: Ball
1-0: Swinging Strike
1-1: Foul Ball, location: 2RF
1-2: Foul Ball, location: 2F
1-2: Strikes out swinging
Bottom of the 5th over - 0 runs, 0 hits, 0 errors, 0 left on base; Montreal 1 - Boston 0
TOP OF THE 6TH
Montreal Expos batting - Pitching for Boston Red Sox : RHP Dylan Lafferty
Batting: LHB Daryl Henderson 0-0: Foul Ball, location: 9LMF
0-1: SINGLE (Groundball, 4MD, EV 98.1 MPH) (infield hit)
Batting: RHB Brian Ottman 0-0: Called Strike
Daryl Henderson steals 2nd base
0-1: Swinging Strike
0-2: Ball
1-2: Foul Ball, location: 2F
1-2: Foul Ball, location: 2F
1-2: Ball
2-2: Ground out 6-3 (Groundball, P, EV 81.3 MPH)
Daryl Henderson to third
Batting: LHB Jimmy Miramontes 0-0: Ball
1-0: Ball
2-0: Called Strike
2-1: Foul Ball, location: 5SF
2-2: Ball
3-2: SINGLE (Groundball, 34D, EV 100.6 MPH)
Daryl Henderson scores
Batting: LHB Valentin Suárez 0-0: Called Strike
Jimmy Miramontes steals 2nd base
0-1: Swinging Strike
0-2: Strikes out swinging
Batting: LHB Joe Edwards 0-0: Ball
1-0: Called Strike
1-1: Ball
2-1: Foul Ball, location: 7LDF
2-2: Ball
3-2: Base on Balls
Pitching: RHP Tino Carrillo
Batting: LHB D.J. Spencer 0-0: Called Strike
0-1: Ball
1-1: Called Strike
1-2: Ball
2-2: Foul Ball, location: 2F
2-2: Strikes out swinging
Top of the 6th over - 1 run, 2 hits, 0 errors, 2 left on base; Montreal 2 - Boston 0
BOTTOM OF THE 6TH
Boston Red Sox batting - Pitching for Montreal Expos : RHP Calvert Dafney
Batting: RHB Alastair Cooledge 0-0: Called Strike
0-1: Swinging Strike
0-2: Foul Ball, location: 3F
0-2: Ball
1-2: Strikes out swinging
Batting: LHB Chase Veliz 0-0: Ball
1-0: SINGLE (Groundball, 13S, EV 73.8 MPH) (infield hit)
Batting: RHB Jalen Duke 0-0: Ball
1-0: Fly out, F9 (Flyball, 9, EV 94.4 MPH)
Batting: LHB Jaxson Eisley 0-0: Ground out 5-3 (Groundball, 25, EV 85.0 MPH)
Bottom of the 6th over - 0 runs, 1 hit, 0 errors, 1 left on base; Montreal 2 - Boston 0
TOP OF THE 7TH
Montreal Expos batting - Pitching for Boston Red Sox : RHP Tino Carrillo
Batting: RHB Ricky Sytsma 0-0: Ball
1-0: Ball
2-0: Fly out, F8 (Flyball, 78M, EV 94.4 MPH)
Batting: LHB Hugo Texido 0-0: Called Strike
0-1: Swinging Strike
0-2: Ball
1-2: Strikes out looking
Batting: SHB Jonah Pérez 0-0: Called Strike
0-1: Swinging Strike
0-2: Ball
1-2: Ball
2-2: Strikes out swinging
Top of the 7th over - 0 runs, 0 hits, 0 errors, 0 left on base; Montreal 2 - Boston 0
BOTTOM OF THE 7TH
Boston Red Sox batting - Pitching for Montreal Expos : RHP Calvert Dafney
Batting: SHB Christian Gibbs 0-0: Ball
1-0: Swinging Strike
1-1: Fly out, F2 (Popup, 23F, EV 83.1 MPH)
Batting: RHB William Spicer 0-0: Ball
1-0: Ground out 6-3 (Groundball, 6, EV 88.8 MPH)
Batting: LHB Ben Viet 0-0: Ball
1-0: Called Strike
1-1: Foul Ball, location: 3F
1-2: Ball
2-2: Ball
3-2: Foul Ball, location: 5DF
3-2: Single, Error in OF, E7, batter to second base (Line Drive, 7S, EV 97.5 MPH)
Pitching: RHP Zach Strain
Batting: RHB Pooh Whitney 0-0: Called Strike
0-1: Ball
1-1: Ball
2-1: Reached via error on a dropped throw from 1B, E1 (Groundball, 34, EV 102.5 MPH)
Ben Viet to third
Batting: RHB Liam Sena 0-0: Ball
1-0: Foul Ball, location: 3F
1-1: Ball
2-1: Ball
Wild Pitch!
Ben Viet scores
Pooh Whitney to second
3-1: Fly out, F7 (Line Drive, 7, EV 101.9 MPH)
Bottom of the 7th over - 1 run, 1 hit, 2 errors, 1 left on base; Montreal 2 - Boston 1
TOP OF THE 8TH
Montreal Expos batting - Pitching for Boston Red Sox : RHP Tino Carrillo
Batting: LHB Daryl Henderson 0-0: Swinging Strike
0-1: Foul Ball, location: 7LMF
0-2: Strikes out looking
Batting: RHB Brian Ottman 0-0: Called Strike
0-1: Ball
1-1: Ball
2-1: Ball
3-1: Foul Ball, location: 5F
3-2: Foul Ball, location: 25F
3-2: SINGLE (Groundball, 6D, EV 95.6 MPH)
Pitching: LHP Orlin Luna
Batting: LHB Jimmy Miramontes 0-0: Ball
1-0: SINGLE (Flyball, 78S, EV 86.3 MPH)
Brian Ottman to second
Batting: RHB Jin-Seo Yun 0-0: Ball
1-0: Called Strike
1-1: 3-RUN HOME RUN (Flyball, 78XD, EV 103.8 MPH), Distance : 411 ft
Batting: LHB Joe Edwards 0-0: Called Strike
0-1: Called Strike
0-2: Strikes out swinging
Batting: LHB D.J. Spencer 0-0: Fly out, F9 (Line Drive, 9S, EV 99.4 MPH)
Top of the 8th over - 3 runs, 3 hits, 0 errors, 0 left on base; Montreal 5 - Boston 1
BOTTOM OF THE 8TH
Boston Red Sox batting - Pitching for Montreal Expos : RHP Zach Strain
Batting: RHB Alastair Cooledge 0-0: Ball
1-0: Foul Ball, location: 9LSF
1-1: Called Strike
1-2: Strikes out looking
Batting: LHB Chase Veliz 0-0: Called Strike
0-1: Foul Ball, location: 3FF
0-2: Ball
1-2: Ball
2-2: Strikes out looking
Batting: RHB Jalen Duke 0-0: Called Strike
0-1: Ball
1-1: Foul Ball, location: 23FF
1-2: Fly out, F3 (Popup, 23F, EV 77.5 MPH)
Bottom of the 8th over - 0 runs, 0 hits, 0 errors, 0 left on base; Montreal 5 - Boston 1
TOP OF THE 9TH
Montreal Expos batting - Pitching for Boston Red Sox : LHP Orlin Luna
Pitching: RHP José Garza
Batting: RHB Ricky Sytsma 0-0: Ball
1-0: Ball
2-0: Called Strike
2-1: Fly out, F2 (Popup, 23F, EV 90.6 MPH)
Batting: LHB Hugo Texido 0-0: Called Strike
0-1: Swinging Strike
0-2: Ball
1-2: Ball
2-2: Strikes out looking
Batting: SHB Jonah Pérez 0-0: Foul Ball, location: 7LSF
0-1: Foul Ball, location: 2F
0-2: Ball
1-2: Strikes out looking
Top of the 9th over - 0 runs, 0 hits, 0 errors, 0 left on base; Montreal 5 - Boston 1
BOTTOM OF THE 9TH
Boston Red Sox batting - Pitching for Montreal Expos : RHP Zach Strain
Batting: LHB Jaxson Eisley 0-0: Fly out, F7 (Flyball, 7D, EV 93.1 MPH)
Batting: SHB Christian Gibbs 0-0: Swinging Strike
0-1: Swinging Strike
0-2: Strikes out looking
Batting: RHB William Spicer 0-0: Called Strike
0-1: Called Strike
0-2: Strikes out swinging
Bottom of the 9th over - 0 runs, 0 hits, 0 errors, 0 left on base; Montreal 5 - Boston 1
Tuesday, April 16th , 2024 - OOTP Baseball 24.11 Build 85